 Dungeon Crawl Stone Soup version 0.32-a0-871-ge202e49faa (webtiles) character file.

Game seed: 14880475168881359815

69 KennySheep the Trooper (level 4, -2/46 HPs)
             Began as an Oni Warper on Mar 29, 2024.
             Was an Initiate of Beogh.
             Killed by nerve-wracking pain
             ... invoked by Grinder
              (12 damage)
             ... on level 3 of the Dungeon.
             The game lasted 00:04:33 (2030 turns).

KennySheep the Trooper (Oni Warper)                 Turns: 2030, Time: 00:04:34

Health: -2/46      AC:  3    Str: 17    XL:     4   Next: 20%
Magic:  8/8        EV:  8    Int: 14    God:    Beogh [......]
Gold:   119        SH:  0    Dex:  8    Spells: 7/9 levels left

rFire   . . .        j - +2 dagger (elec)
rCold   . . .        (no shield)
rNeg    . . .        b - +0 robe
rPois   .            (helmet restricted)
rElec   .            (no cloak)
rCorr   .            (gloves unavailable)
SInv    .            (boots unavailable)
Will    .....        (no amulet)
Stlth   +            (no ring)
HPRegen 0.27/turn    (no ring)
MPRegen 0.11/turn

%: no passive effects
@: no status effects
A: large, unfitting armour, horns 1, tough skin 1, double potion healing,
drunken brawling
a: Renounce Religion


You were on level 3 of the Dungeon.
You worshipped Beogh.
Beogh was noncommittal.
You visited 1 branch of the dungeon, and saw 3 of its levels.

You collected 191 gold pieces.
You spent 72 gold pieces at shops.

Inventory:

Hand Weapons
 a - a +0 mace
 j - a +2 dagger of electrocution (weapon)
Missiles
 d - 7 darts of dispersal (quivered)
 o - a throwing net
Armour
 b - a +0 robe (worn)
Scrolls
 c - a scroll of blinking
 e - a scroll of enchant armour
 f - a scroll of noise {unknown}
 h - 2 scrolls of fog {unknown}
 l - a scroll of revelation
 m - a scroll of teleportation {unknown}
 q - a scroll of identify
Potions
 g - a potion of degeneration {unknown}
 i - a potion of might {unknown}
 k - 4 potions of curing {unknown}
 n - 2 potions of haste {unknown}
 p - a potion of heal wounds {unknown}
 r - a potion of brilliance {unknown}


   Skills:
 + Level 3.6 Fighting
 * Level 3.3 Maces & Flails
 - Level 1.0 Throwing
 - Level 2.1 Dodging
 + Level 3.2 Spellcasting
 - Level 2.6 Translocations


You had 7 spell levels left.
You knew the following spells:

 Your Spells              Type           Power      Damage    Failure   Level
a - Blink                 Tloc           18%        N/A       11%         2

Your spell library contained the following spells:

 Spells                   Type           Power      Damage    Failure   Level
 Apportation              Tloc           18%        N/A       7%          1
 Lesser Beckoning         Tloc           18%        N/A       11%         2
 Teleport Other           Tloc           9%         N/A       22%         3
 Jinxbite                 Hex            4%         N/A       32%         2
 Inner Flame              Hex/Fire       2%         N/A       54%         3
 Maxwell's Portable Pile  Tloc           9%         2d(6-12)  56%         4
 Vhi's Electric Charge    Tloc/Air       12%        N/A       77%         4
 Alistair's Intoxication  Alch           1%         N/A       99%         5
 Irradiate                Conj/Alch      1%         3d12      99%         5
 Ignition                 Fire           1%         3d3       100%        8


Dungeon Overview and Level Annotations

Branches:
Dungeon (3/15)

Altars:
The Shining One

Shops:
D:2 *

Annotations:
D:3 Grinder


Innate Abilities, Weirdness & Mutations

You are too large for most types of armour.
You have a pair of small horns on your head.
You have tough skin. (AC +1)
You gain doubled healing and magic from potions.
Whenever you drink a healing potion, you attack all around you.


Message History

Casting: Blink (safe; 11% risk of failure)
Confirm with . or Enter, or press ? or * to list all spells.
Okay, then.
You barely miss Grinder. Grinder barely misses you.
You hit Grinder. Lightning courses through Grinder!
Grinder is moderately wounded.
Grinder gestures at you. Pain shoots through your body!
You hit Grinder.
Grinder is heavily wounded.
Grinder hits you but does no damage.
You hit Grinder. Lightning courses through Grinder!
Grinder is severely wounded.
Grinder gestures at you. Pain shoots through your body!
You hit Grinder but do no damage.
Grinder is severely wounded.
Grinder hits you.
You writhe in agony.
You closely miss Grinder.
Grinder is severely wounded.
Grinder closely misses you.
You hit Grinder but do no damage. You headbutt Grinder.
Grinder is almost dead.
Grinder closely misses you.
You hit Grinder.
Grinder is almost dead.
Grinder gestures at you.
You suddenly lose the ability to move!
Grinder hits you but does no damage.
You can move again.
You hit Grinder but do no damage.
Grinder is almost dead.
Grinder hits you!
You writhe in agony.
* * * LOW HITPOINT WARNING * * *
You barely miss Grinder.
Grinder is almost dead.
Grinder gestures at you. Pain shoots through your body!
You die...
Grinder says, "Hey, I wasn't done torturing you yet!"

#.# #....# #..>.. #.#
#.##.# #....# #.#.<#.#.##.#
#....# #.#..........
#....## #.#....#.##.#
#..... #.#..>......#
#....##.#.#....#.#...
....##....5..#.# ...#.#.##
#.#.##...@####.###..#.#.
#.#.####............#.#.
#.#.# ##.####.###.##.#.
#.#.# #.# #.# #....# #.#.#
#.####.###..#.# #
#.#.#####.#.....#....##.##
##.........#...............
#..#.#######..#.......#....
#..#.#######.......#......#


You could see Grinder.

Vanquished Creatures
  A dart slug (D:1)
  A ribbon worm (D:2)
  3 orcs (D:3)
  3 bats
  6 endoplasms
  3 giant cockroaches
  6 goblins
  6 hobgoblins
  4 jackals (D:2)
  8 kobolds
  2 quokkas
  4 ball pythons
  2 frilled lizards (D:2)
  2 rats
51 creatures vanquished.

Notes
Turn   | Place    | Note
-------+----------+-------------------------------------------
     0 | D:1      | KennySheep the Oni Warper began the quest for the Orb.
     0 | D:1      | Reached XP level 1. HP: 22/22 MP: 3/3
   125 | D:1      | Reached XP level 2. HP: 4/31 MP: 3/5
   714 | D:2      | Reached XP level 3. HP: 20/37 MP: 7/7
   786 | D:2      | Found Joav's Assorted Antiques.
   791 | D:2      | Bought a scroll labelled XENGED IFUIMA for 25 gold pieces
   791 | D:2      | Bought a scroll labelled ARHIAS DOZA for 25 gold pieces
   791 | D:2      | Bought a glowing inky potion for 22 gold pieces
  1453 | D:2      | Found a glowing golden altar of the Shining One.
  1701 | D:2      | Learned a level 2 spell: Blink
  1780 | D:3      | Reached XP level 4. HP: 44/45 MP: 8/8
  1969 | D:3      | Became a worshipper of Beogh the Shepherd
  2018 | D:3      | Noticed Grinder
  2027 | D:3      | Paralysed by Grinder for 2 turns
  2030 | D:3      | Killed from afar by Grinder

Illustrated notes

Levels and vault maps discovered:
D:1:      minmay_arrival_plants_in_alcoves, layout_rooms
D:2:      minmay_inner_zag, layout_loops_ring, basic_altar, serial_shops, shop,
          roderic_roman_lattice
D:3:      layout_basic, amcnicky_altar_gilded, minmay_increasing_density,
          uniq_grinder

Skill      XL: |  1  2  3 |
---------------+----------+-----
Fighting       | 3 |  3.6
Maces & Flails | 3 |  3.3
Spellcasting   | 3 |  3.2
Throwing       | |  1.0
Dodging        | |  2.1
Translocations | |  2.6

Action                     |  1- 3 |  4- 6 || total
---------------------------+-------+-------++-------
  Melee: Mace              |    31 |       ||    31
         Headbutt          |    14 |     4 ||    18
         Dagger            |    93 |    30 ||   123
 Invoke: Convert to Beogh  |       |     1 ||     1
    Use: Scroll            |     2 |       ||     2
   Stab: Sleeping          |     2 |       ||     2
 Armour: Robe              |   101 |    12 ||   113
  Dodge: Dodged            |    61 |    14 ||    75

Table legend: (Time is in decaauts)
 A = Elapsed time spent in this place.
 B = Non-inter-level travel time spent in this place.
 C = Inter-level travel time spent in this place.
 D = Time resting spent in this place.
 E = Time spent auto-exploring this place.
 F = Levels seen in this place.
 G = Mean time per level.
                   A        B        C        D        E       F      G
               +--------+--------+--------+--------+--------+-----+--------+
         Total |   2038 |   1999 |     39 |      0 |   1671 |   3 |  679.3 |
       Dungeon |   2038 |   1999 |     39 |      0 |   1671 |   3 |  679.3 |
               +--------+--------+--------+--------+--------+-----+--------+

Top non-repeatable levels by time:
     D:2: 1097 daAuts
     D:1: 641 daAuts
     D:3: 298 daAuts
